 Dungeon Crawl Stone Soup version 0.29.0-4-gdea44cf6ec (webtiles) character file.

Game seed: 8984963466893965359

290 qw the Chopper (level 6, -1/35 HPs)
             Began as a Tengu Warper on Aug 29, 2022.
             Slain by Dowan
             ... wielding a +0 dagger
              (4 damage)
             ... on level 4 of the Dungeon.
             The game lasted 00:00:19 (3065 turns).

qw the Chopper (Tengu Warper)                       Turns: 3065, Time: 00:00:19

Health: -1/35      AC: 12    Str: 14    XL:     6   Next: 32%
Magic:  10/10      EV:  3    Int: 13    God:
Gold:   152        SH:  8    Dex: 13    Spells: 9/9 levels left

rFire   . . .      SeeInvis .   Y - +0 hand axe (vorpal)
rCold   + . .      Faith    .   h - +0 kite shield
rNeg    . . .      Spirit   .   i - +1 plate armour
rPois   .          Reflect  .   (helmet restricted)
rElec   .          Harm     .   (no cloak)
rCorr   .          Rampage  .   (no gloves)
Will    .....                   (boots unavailable)
Stlth   ..........              (no amulet)
HPRegen 0.11/turn               g - ring of protection from cold
MPRegen 0.12/turn               (no ring)

@: flying quickly and evasively, quick
A: beak, talons 3, nimble flight
a: no special abilities


You were on level 4 of the Dungeon.
You visited 1 branch of the dungeon, and saw 4 of its levels.

You collected 152 gold pieces.


Innate Abilities, Weirdness & Mutations

You have a beak for a mouth.
You have claws for feet.
Your magical nature lets you fly swiftly and evasively.


   Skills:
 - Level 2.0 Fighting
 + Level 5.7 Axes
 - Level 1.0 Throwing
 - Level 2.2 Armour
 - Level 2.1 Dodging
 - Level 3.0 Shields
 - Level 2.0 Spellcasting
 - Level 2.4 Translocations


You had 9 spell levels left.
You didn't know any spells.
Your spell library contained the following spells:

 Spells                   Type           Power      Damage    Failure   Level
 Blink                    Tloc           14%        N/A       100%        2
 Gell's Gravitas          Tloc           7%         N/A       100%        3
 Lesser Beckoning         Tloc           7%         N/A       100%        3
 Teleport Other           Tloc           7%         N/A       100%        3
 Manifold Assault         Tloc           7%         N/A       100%        5

Inventory:

Hand Weapons
 d - a +0 flail
 Y - a +0 vorpal hand axe (weapon)
Missiles
 k - 3 boomerangs (quivered)
Armour
 h - a +0 kite shield (worn)
 i - a +1 plate armour (worn)
Jewellery
 g - a ring of protection from cold (left hand)
Potions
 a - a potion of attraction {unknown}
 b - a potion of flight {unknown}
 e - 3 potions of curing
 f - a potion of lignification {unknown}
 l - a potion of haste {unknown}
 n - a potion of invisibility {unknown}

Dungeon Overview and Level Annotations

Branches:
Dungeon (4/15)
 Temple: D:4-7

Altars:

Annotations:
D:3 2 runed translucent doors, qw's ghost, amateur TeWr
D:4 Dowan; Duvessa


Message History

You block the iguana's attack.
3059 ||| DRINKING potion of heal wounds.
You feel much better.
The giant cockroach bites you but does no damage.
Duvessa zaps a wand.
The bolt of dispelling energy hits you but does no damage.
The now-empty wand crumbles to dust.
You block the giant cockroach's attack.
The iguana bites you but does no damage.
You hit the giant cockroach but do no damage.
You peck the giant cockroach, but do no damage.
The giant cockroach is severely wounded.
You barely miss the iguana. You hit Duvessa but do no damage.
The giant cockroach barely misses you. The iguana bites you!
You closely miss the giant cockroach. Your kick misses the giant cockroach.
You peck the giant cockroach.
You kill the giant cockroach!
You barely miss the iguana. You hit Dowan but do no damage.
You closely miss Duvessa. You block the iguana's attack.
You block Dowan's attack. Duvessa completely misses you.
You hit Duvessa but do no damage.
Duvessa is lightly wounded.
You hit Dowan. You closely miss the iguana. You block Duvessa's attack.
The iguana bites you! You block Dowan's attack.
You miss Dowan. Your kick misses Dowan. You peck Dowan.
Dowan is heavily wounded.
You barely miss Duvessa. You barely miss the iguana.
The iguana bites you but does no damage.
Duvessa hits you but does no damage. Dowan hits you but does no damage.
You barely miss Dowan. Your kick misses Dowan.
Dowan is heavily wounded.
You barely miss Duvessa. You hit the iguana. Duvessa hits you with a +0 rapier!
You block the iguana's attack.
Dowan drinks a potion.
Dowan is healed!
You hit Duvessa. You claw Duvessa. You peck Duvessa.
Duvessa is heavily wounded.
You closely miss Dowan. You hit the iguana but do no damage.
The iguana bites you. Duvessa hits you but does no damage.
Dowan hits you with a +0 dagger.
You die...

............#
............#
#............#
#............#
..>.........#
#.##.......#
#....le%...#
#.....@e...#
#...!.....##
##.........#
..#..........#
...#..........###
#................#
#................#
##....#.##........#
...............####


You could see Duvessa, Dowan and an iguana.

Vanquished Creatures
  Sigmund (D:4)
  An orc priest (D:3)
  An orc wizard (D:4)
  An adder (D:3)
  A worm (D:2)
  2 dart slugs
  9 orcs
  2 ball pythons
  8 endoplasms
  3 giant cockroaches
  5 goblins
  6 hobgoblins
  3 kobolds
  A quokka (D:2)
  12 bats
  2 frilled lizards
  6 rats
64 creatures vanquished.

Notes
Turn   | Place    | Note
-------+----------+-------------------------------------------
     0 | D:1      | qw the Tengu Warper began the quest for the Orb.
     0 | D:1      | Reached XP level 1. HP: 12/12 MP: 4/4
     0 | D:1      | 0 ||| qw: Version: 0.1-a-89-g26bdef1
     0 | D:1      | 0 ||| qw: Game counter: 3548
     0 | D:1      | 0 ||| qw: Always use a shield: true
     0 | D:1      | 0 ||| qw: God list: Okawaru
     0 | D:1      | 0 ||| qw: Allow faded altars: false
     0 | D:1      | 0 ||| qw: Do Orc after D:15 true
     0 | D:1      | 0 ||| qw: Do second Lair branch before Depths: true
     0 | D:1      | 0 ||| qw: Lair rune preference: random
     0 | D:1      | 0 ||| qw: Plans: Normal
     0 | D:1      | 0 ||| PLANNING D:1-11
   110 | D:1      | 110 ||| Stepping ~*~*~tactically~*~*~ (stealth).
   183 | D:1      | 183 ||| Stepping ~*~*~tactically~*~*~ (stealth).
   193 | D:1      | 193 ||| Stepping ~*~*~tactically~*~*~ (hiding).
   195 | D:1      | 195 ||| Stepping ~*~*~tactically~*~*~ (stealth).
   196 | D:1      | 196 ||| Stepping ~*~*~tactically~*~*~ (hiding).
   202 | D:1      | Reached XP level 2. HP: 17/17 MP: 6/6
   306 | D:1      | Reached skill level 3 in Axes
   870 | D:1      | 870 ||| UPGRADING to +0 chain mail.
   880 | D:1      | 880 ||| DROPPING +0 leather armour.
   881 | D:1      | 881 ||| UPGRADING to +0 kite shield.
   886 | D:1      | 886 ||| UPGRADING to +0 plate armour.
   896 | D:1      | 896 ||| DROPPING +0 chain mail.
   897 | D:1      | 897 ||| UPGRADING to ring of protection from cold.
   898 | D:1      | 898 ||| READING scroll labelled ERESSI HEYT.
   899 | D:1      | 899 ||| READING scroll labelled ZATAHU XAICUO.
   900 | D:1      | 900 ||| READING scroll labelled MEAGOOH ARR.
   901 | D:1      | 901 ||| DRINKING 2 yellow potions.
   902 | D:1      | 902 ||| DRINKING 2 emerald potions.
   903 | D:1      | 903 ||| DROPPING scroll of blinking.
   904 | D:1      | 904 ||| DROPPING potion of brilliance.
   942 | D:2      | 942 ||| STAIRDANCE
  1049 | D:2      | Identified the +1 robe "Koisme" {rCorr}
  1068 | D:2      | Reached XP level 3. HP: 21/21 MP: 7/7
  1096 | D:2      | Reached skill level 1 in Shields
  1466 | D:2      | Found a faded altar of an unknown god.
  1618 | D:2      | 1618 ||| READING 2 scrolls labelled ORIUGY FIOGHA.
  1619 | D:2      | 1619 ||| READING scroll of enchant armour.
  1619 | D:2      | 1619 ||| ENCHANTING +0 plate armour.
  1667 | D:3      | Found a large runed translucent door.
  1667 | D:3      | Found a large runed translucent door.
  1671 | D:3      | Noticed qw's ghost (amateur TeWr)
  1799 | D:3      | 1799 ||| STAIRDANCE
  1834 | D:2      | 1834 ||| READING scroll labelled ZEPAQU XULAX.
  2034 | D:3      | Reached XP level 4. HP: 26/26 MP: 8/8
  2269 | D:3      | Reached skill level 4 in Axes
  2364 | D:3      | 2364 ||| FLEEEEING.
  2365 | D:3      | 2365 ||| FLEEEEING.
  2366 | D:3      | 2366 ||| FLEEEEING.
  2367 | D:3      | 2367 ||| FLEEEEING.
  2369 | D:3      | 2369 ||| FLEEEEING.
  2370 | D:3      | 2370 ||| FLEEEEING.
  2371 | D:3      | 2371 ||| FLEEEEING.
  2372 | D:3      | 2372 ||| FLEEEEING.
  2373 | D:3      | 2373 ||| FLEEEEING.
  2374 | D:3      | 2374 ||| FLEEEEING.
  2376 | D:3      | 2376 ||| STAIRDANCE
  2414 | D:2      | 2414 ||| DROPPING ring of wizardry.
  2415 | D:2      | 2415 ||| READING scroll labelled XASOOWNIYL.
  2472 | D:3      | 2472 ||| Stepping ~*~*~tactically~*~*~ (stealth).
  2475 | D:3      | 2475 ||| Stepping ~*~*~tactically~*~*~ (hiding).
  2488 | D:3      | Reached skill level 3 in Shields
  2552 | D:3      | 2552 ||| DROPPING +0 club.
  2584 | D:3      | 2584 ||| Stepping ~*~*~tactically~*~*~ (stealth).
  2585 | D:3      | 2585 ||| Stepping ~*~*~tactically~*~*~ (stealth).
  2672 | D:3      | 2672 ||| Stepping ~*~*~tactically~*~*~ (stealth).
  2673 | D:3      | 2673 ||| Stepping ~*~*~tactically~*~*~ (stealth).
  2681 | D:3      | 2681 ||| Stepping ~*~*~tactically~*~*~ (stealth).
  2818 | D:3      | 2818 ||| READING scroll labelled ROHESHRELUA.
  2819 | D:3      | 2819 ||| DRINKING 2 blue potions.
  2899 | D:4      | Gained mutation: Your magical nature lets you fly swiftly
                  | and evasively. [Tengu growth]
  2899 | D:4      | Reached XP level 5. HP: 26/30 MP: 9/9
  2925 | D:4      | Noticed Sigmund
  2926 | D:4      | 2926 ||| Stepping ~*~*~tactically~*~*~ (stealth).
  2927 | D:4      | 2927 ||| Stepping ~*~*~tactically~*~*~ (stealth).
  2928 | D:4      | 2928 ||| Stepping ~*~*~tactically~*~*~ (stealth).
  2930 | D:4      | 2930 ||| Stepping ~*~*~tactically~*~*~ (stealth).
  2932 | D:4      | 2932 ||| Stepping ~*~*~tactically~*~*~ (stealth).
  2933 | D:4      | 2933 ||| Stepping ~*~*~tactically~*~*~ (stealth).
  2937 | D:4      | 2937 ||| Stepping ~*~*~tactically~*~*~ (stealth).
  2939 | D:4      | 2939 ||| Stepping ~*~*~tactically~*~*~ (stealth).
  2940 | D:4      | 2940 ||| Stepping ~*~*~tactically~*~*~ (stealth).
  2944 | D:4      | 2944 ||| DRINKING 4 potions of curing.
  2944 | D:4      | 2944 ||| (to cure confusion)
  2950 | D:4      | Killed Sigmund
  2951 | D:4      | Reached skill level 5 in Axes
  2951 | D:4      | Reached XP level 6. HP: 26/35 MP: 10/10
  3050 | D:4      | Noticed Dowan
  3051 | D:4      | Noticed Duvessa
  3058 | D:4      | HP: 8/35 [Duvessa/+0 rapier (4)]
  3058 | D:4      | HP: 3/35 [Duvessa/bolt of dispelling energy (5)]
  3059 | D:4      | 3059 ||| DRINKING potion of heal wounds.
  3064 | D:4      | HP: 7/35 [Duvessa/+0 rapier (7)]
  3065 | D:4      | HP: 3/35 [iguana (4)]
  3065 | D:4      | Slain by Dowan

Levels and vault maps discovered:
D:1:      saegor_arrival_fortress, layout_rooms, serial_bayou_crossing
D:2:      layout_loops_cross, ebering_ecumenical_altar_abandoned,
          kennysheep_big_empty_room, hangedman_decor_points
D:3:      layout_loops_corners, ebering_ghost_disaster_area, dk_noncrumbling_4,
          minmay_crystal_room, grunt_ministairs_11
D:4:      layout_basic, uniq_duvessa, uniq_sigmund

Skill      XL: |  1  2  3  4  5 |
---------------+----------------+-----
Axes           | 3 4 5 |  5.7
Shields        | 2 3 |  3.0
Armour         | 2 |  2.2
Fighting       | |  2.0
Throwing       | |  1.0
Dodging        | |  2.1
Spellcasting   | |  2.0
Translocations | |  2.4

Action                   |  1- 3 |  4- 6 || total
-------------------------+-------+-------++-------
Melee: Hand axe          |    63 |    71 ||   134
       Kick              |    12 |    15 ||    27
       Peck              |     3 |    14 ||    17
Throw: Boomerang         |    39 |    20 ||    59
  Use: Scroll            |     6 |     2 ||     8
       Potion            |     2 |     3 ||     5
Armor: Leather armour    |     5 |       ||     5
       Plate armour      |    46 |    52 ||    98
Dodge: Dodged            |    13 |     6 ||    19
Block: Kite shield       |    23 |    39 ||    62

Table legend:
 A = Non-vault XP
 B = Vault XP
 C = Vault XP percentage of total XP
 D = Non-vault monster count
 E = Vault monster count
 F = Vault count percentage of total count
                 A         B        C        D         E       F
            +---------+---------+-------+---------+---------+-------
      Total |     203 |     212 |  51.1 |      62 |       2 |   3.1
            +---------+---------+-------+---------+---------+-------
        D:1 |      25 |       0 |   0.0 |      14 |       0 |   0.0
        D:2 |      29 |       0 |   0.0 |      17 |       0 |   0.0
        D:3 |     103 |       2 |   1.9 |      25 |       1 |   3.8
        D:4 |      46 |     210 |  82.0 |       6 |       1 |  14.3
            +---------+---------+-------+---------+---------+-------
